 Dungeon Crawl Stone Soup version 0.28-a0-535-g6f645e4c1d (webtiles) character file.

Game seed: 13215223028313016366

105 Tinkle the Chopper (level 4, -1/42 HPs)
             Began as a Minotaur Berserker on Sept 27, 2021.
             Was a Believer of Trog.
             Slain by an orc (4 damage)
             ... on level 4 of the Dungeon.
             The game lasted 00:06:14 (1933 turns).

Tinkle the Chopper (Minotaur Berserker)             Turns: 1933, Time: 00:06:15

Health: -1/42      AC:  6    Str: 22    XL:     4   Next: 54%
Magic:  3/3        EV: 10    Int:  4    God:    Trog [**....]
Gold:   64         SH:  0    Dex: 10    Spells: 3/3 levels left

rFire   . . .      SeeInvis .   a - +0 hand axe
rCold   . . .      Faith    .   (no shield)
rNeg    . . .      Spirit   .   n - +0 scale mail
rPois   .          Reflect  .   (helmet restricted)
rElec   .          Harm     .   (no cloak)
rCorr   .          Rampage  .   (no gloves)
Will    .....                   (no boots)
Stlth   ..........              (no amulet)
HPRegen 0.14/turn               (no ring)
MPRegen 0.08/turn               (no ring)

@: on berserk cooldown, slowed, very slow
A: horns 2, retaliatory headbutt
a: Renounce Religion, Berserk, Trog's Hand


You were on level 4 of the Dungeon.
You worshipped Trog.
Trog was pleased with you.
You visited 1 branch of the dungeon, and saw 4 of its levels.

You collected 64 gold pieces.

Inventory:

Hand Weapons
 a - a +0 hand axe (weapon)
Missiles
 h - 14 poisoned darts (quivered)
Armour
 n - a +0 scale mail (worn)
Scrolls
 c - a scroll of fog {unknown}
 e - a scroll of enchant weapon {unknown}
 i - a scroll of immolation {unknown}
 j - 2 scrolls of identify {unknown}
 k - a scroll of enchant armour {unknown}
 m - a scroll of magic mapping {unknown}
Potions
 d - 2 potions of attraction {unknown}
 f - 2 potions of lignification {unknown}
 g - 2 potions of flight {unknown}
 l - a potion of cancellation {unknown}


   Skills:
 - Level 5.0 Fighting
 + Level 5.5 Axes
 - Level 2.4 Armour
 - Level 2.1 Dodging


You had 3 spell levels left.
You didn't know any spells.
Your spell library was empty.

Dungeon Overview and Level Annotations

Branches:
Dungeon (4/15)
 Temple: D:4-7

Altars:
Elyvilon

Shops:
D:3 (


Innate Abilities, Weirdness & Mutations

You have a pair of horns on your head.
You reflexively headbutt those who attack you in melee.


Message History

There are monsters nearby!
You feel your anger nearly subside.
An orc comes into view. It is wielding a +0 short sword.
Found a scroll labelled WAERPH ROIVUSOX and a buckler.
The orc shouts!
Your blood rage is quickly leaving you.
You are no longer berserk.
You are exhausted.
You feel yourself slow down. The kobold misses you. You furiously retaliate!
You headbutt the kobold!
You kill the kobold!
Trog accepts your kill.
An endoplasm is nearby!
The endoplasm freezes you.
You are frozen.
* * * LOW HITPOINT WARNING * * *
Things that are here:
a +0 dagger; a +0 scale mail You hit the endoplasm but do no damage.
Your headbutt misses the endoplasm. The endoplasm closely misses you.
The endoplasm hits you but does no damage.
You barely miss the endoplasm. The endoplasm closely misses you.
You furiously retaliate!
You headbutt the endoplasm!
You kill the endoplasm!
Trog accepts your kill. The orc hits you with a +0 short sword.
* * * LOW HITPOINT WARNING * * *
Things that are here:
a +0 dagger; a +0 scale mail You completely miss the orc.
You headbutt the orc.
The orc is heavily wounded.
A hound zombie comes into view.
The orc barely misses you. x2
You are too injured to fight recklessly!
You are too injured to fight recklessly!
You are too injured to fight recklessly!
You are too injured to fight recklessly!
You closely miss the orc. Your headbutt misses the orc.
The orc is heavily wounded.
The orc barely misses you. The orc hits you with a +0 short sword.
You die...

#. ...#. #. .....
#.####.8.P.
#..........
#..........
#....(.....
#..........
#########.o...#
...........@..####
.........Z.......#
?.........).).#.....
.......#....†## ....
...=...#####......#.
....... ...... .
.##.... ........
....[. .......#
.o..... ......?.#


You could see an orc and a hound zombie.

Vanquished Creatures
  A hound zombie (D:4)
  2 hound skeletons (D:4)
  3 worms
  A dart slug (D:2)
  2 orcs
  5 endoplasms
  3 giant cockroaches
  5 goblins
  5 hobgoblins
  4 jackals (D:2)
  3 kobolds
  2 quokkas
  6 ball pythons
  3 bats
  2 frilled lizards
  4 rats
51 creatures vanquished.

Notes
Turn   | Place    | Note
-------+----------+-------------------------------------------
     0 | D:1      | Tinkle the Minotaur Berserker began the quest for the Orb.
     0 | D:1      | Reached XP level 1. HP: 19/19 MP: 0/0
   304 | D:1      | Reached XP level 2. HP: 27/27 MP: 1/1
   505 | D:1      | Found a faded altar of an unknown god.
  1093 | D:2      | Reached ** piety under Trog
  1163 | D:2      | Reached XP level 3. HP: 30/34 MP: 2/2
  1228 | D:2      | Found a white marble altar of Elyvilon.
  1856 | D:3      | Found Riezuf's Antique Weapon Boutique.
  1916 | D:4      | Reached skill level 5 in Fighting
  1916 | D:4      | Reached skill level 5 in Axes
  1916 | D:4      | Reached XP level 4. HP: 7/42 MP: 3/3
  1933 | D:4      | Slain by an orc

Illustrated notes

Levels and vault maps discovered:
D:1:      roderic_crossed_star, layout_loops_ring, ebering_ecumenical_altar_mist
D:2:      layout_rooms, basic_altar, chequers_serial_rivers_room_b,
          minmay_box_of_dots
D:3:      layout_loops_ring, portal_sewer_entry_a, ebering_ghost_sewer_d,
          serial_shops, nicolae_shop_waterfront, uniq_sigmund
D:4:      lemuel_castle_with_subvaults [lemuel_castle_interior_carwin_2],
          layout_cave_pools, nemelex_spade_bored_becter, minitemple,
          lemuel_tele_altar, minmay_temple_entry_overgrown, serial_undead,
          serial_undead_e, serial_undead_a, serial_undead_d, serial_undead_b,
          serial_undead_b, serial_undead_e, uniq_menkaure, uniq_ijyb,
          uniq_eustachio

Skill      XL: |  1  2  3 |
---------------+----------+-----
Fighting       | 4 5 |  5.0
Axes           | 4 5 |  5.5
Armour         | |  2.4
Dodging        | |  2.1

Action                   |  1- 3 |  4- 6 || total
-------------------------+-------+-------++-------
Melee: Hand axe          |    89 |     5 ||    94
       Headbutt          |    15 |     1 ||    16
Invok: Berserk           |       |     1 ||     1
Armor: Animal skin       |    19 |       ||    19
       Scale mail        |    22 |     1 ||    23
Dodge: Dodged            |    62 |     9 ||    71

Table legend: (Time is in decaauts)
 A = Elapsed time spent in this place.
 B = Non-inter-level travel time spent in this place.
 C = Inter-level travel time spent in this place.
 D = Time resting spent in this place.
 E = Time spent auto-exploring this place.
 F = Levels seen in this place.
 G = Mean time per level.
                   A        B        C        D        E       F      G
               +--------+--------+--------+--------+--------+-----+--------+
         Total |   1941 |   1820 |    121 |    352 |   1102 |   4 |  485.2 |
       Dungeon |   1941 |   1820 |    121 |    352 |   1102 |   4 |  485.2 |
               +--------+--------+--------+--------+--------+-----+--------+

Top non-repeatable levels by time:
     D:1: 951 daAuts
     D:2: 806 daAuts
     D:3: 153 daAuts
     D:4: 30 daAuts
